 Dungeon Crawl Stone Soup version 0.25-a0-96-g4073cf80fb (webtiles) character file.

Game seed: 8945498901725664428, levelgen mode: deterministic

217 vurker the Magician (level 5, 0/38 HPs)
             Began as a Mummy Fire Elementalist on Nov 11, 2019.
             Slain by a bullfrog (1 damage)
             ... on level 6 of the Dungeon.
             The game lasted 00:04:58 (3425 turns).

vurker the Magician (Mummy Fire Elementalist)       Turns: 3425, Time: 00:04:58

Health: 0/38       AC:  8    Str: 12    XL:     5   Next: 62%
Magic:  2/11       EV: 12    Int: 15    God:
Gold:   107        SH:  0    Dex: 12    Spells: 11/12 levels left

rFire    x . .     SeeInvis .   e - +3 dagger (venom)
rCold    + . .     Gourm    .   (no shield)
rNeg     + + +     Faith    .   a - +0 robe
rPois    ∞         Spirit   .   (no helmet)
rElec    .         Reflect  .   c - +2 cloak
rCorr    .         Harm     .   d - +2 pair of gloves
MR       .....                  (no boots)
Stlth    ++........             (no amulet)
HPRegen  0.12/turn              (no ring)
MPRegen  0.12/turn              (no ring)

@: no status effects
A: no food or potions, fire vulnerability, cold resistance 1, negative energy
resistance 3, torment resistance, unbreathing
a: no special abilities


You were on level 6 of the Dungeon.
You were not hungry.

You visited 1 branch of the dungeon, and saw 4 of its levels.

You collected 107 gold pieces.

Inventory:

Hand Weapons
 e - a +3 dagger of venom (weapon)
   (You took it off an orc on level 3 of the Dungeon)
Armour
 a - a +0 robe (worn)
 c - a +2 cloak (worn)
   (You found it on level 1 of the Dungeon)
 d - a +2 pair of gloves (worn)
   (You found it on level 2 of the Dungeon)
Scrolls
 b - a scroll of fear {unknown}
 f - 5 scrolls of remove curse


   Skills:
 + Level 1.8 Fighting
 - Level 1.5 Dodging
 - Level 1.5 Stealth
 * Level 4.4 Spellcasting
 * Level 2.4 Conjurations
 * Level 3.5 Fire Magic


You had 11 spell levels left.
You knew the following spells:

 Your Spells              Type           Power        Failure   Level  Hunger
a - Flame Tongue          Conj/Fire      ##...        5%          1    N/A

Your spell library contained the following spells:

 Spells                   Type           Power        Failure   Level  Hunger
 Throw Flame              Conj/Fire      ##....       8%          2    N/A
 Conjure Flame            Conj/Fire      ##......     16%         3    N/A
 Inner Flame              Hex/Fire       #.......     26%         3    N/A
 Sticky Flame             Conj/Fire      ##......     45%         4    N/A
 Fireball                 Conj/Fire      ##........   82%         5    N/A

Dungeon Overview and Level Annotations

Branches:
Dungeon (3/15)

Altars:


Innate Abilities, Weirdness & Mutations

You do not eat or drink.
Your flesh is vulnerable to fire.
You are immune to poison.
Your flesh is cold resistant. (rC+)
You are immune to negative energy. (rN+++)
You are immune to unholy pain and torment.
You can survive without breathing.


Message History

Aim: a jackal (almost dead)
The flame tongue hits the jackal!
You kill the jackal!
The jackal bites you but does no damage.
The bullfrog hits you.
The jackal bites you but does no damage.
The adder zombie barely misses you. The jackal misses you.
Aim: a jackal The flame tongue hits the jackal!
You kill the jackal!
The bullfrog hits you. The jackal completely misses you.
The adder zombie barely misses you. The bullfrog closely misses you.
You don't have enough magic to cast that spell.
You closely miss the bullfrog. The jackal barely misses you.
The bullfrog hits you!
* * * LOW HITPOINT WARNING * * *
The adder zombie barely misses you. The jackal misses you.
You barely miss the bullfrog. The bullfrog closely misses you.
The adder zombie bites you but does no damage.
The jackal bites you but does no damage.
The bullfrog hits you.
* * * LOW HITPOINT WARNING * * *
The jackal completely misses you.
You see here a jackal corpse.
A crimson imp comes into view.
The jackal completely misses you.
The crimson imp shouts!
The jackal closely misses you. The adder zombie misses you.
The jackal barely misses you.
The crimson imp blinks!
The bullfrog hits you but does no damage.
The jackal barely misses you. The bullfrog barely misses you.
The jackal bites you but does no damage.
You hit the jackal.
The jackal is poisoned.
The jackal bites you but does no damage.
The jackal barely misses you.
You closely miss the jackal. The jackal bites you.
* * * LOW HITPOINT WARNING * * *
You hit the jackal.
You kill the jackal!
The bullfrog hits you.
* * * LOW HITPOINT WARNING * * *
Aim: a bullfrog The flame tongue hits the bullfrog!
The bullfrog hits you.
* * * LOW HITPOINT WARNING * * *
You hit the bullfrog.
The bullfrog is poisoned.
The bullfrog barely misses you. The bullfrog hits you.
* * * LOW HITPOINT WARNING * * *
You open the door. The bullfrog closely misses you. The bullfrog hits you.
You die...

#####
############......
.......5ZF@'......
........####......
#######.## .....
.......5Z# ....
......#..# ...
......#..# .. ###..
#..# ###+# .... #..#
...$.#
###...#..######.....#


You could see a bullfrog, a crimson imp and an adder zombie.

Vanquished Creatures
  A howler monkey (D:6)
  An orc priest (D:3)
  An orc wizard (D:3)
  3 adders
  2 worms
  2 dart slugs
  A leopard gecko (D:2)
  5 orcs (D:3)
  6 giant cockroaches
  5 hobgoblins
  8 jackals
  6 kobolds
  A quokka (D:2)
  3 ball pythons
  8 bats
  9 frilled lizards
  9 goblins
  A quokka zombie (D:6)
  12 rats
84 creatures vanquished.

Notes
Turn   | Place    | Note
-------+----------+-------------------------------------------
     0 | D:1      | vurker the Mummy Fire Elementalist began the quest for the
                  | Orb.
     0 | D:1      | Reached XP level 1. HP: 13/13 MP: 4/4
   177 | D:1      | Reached skill level 1 in Conjurations
   237 | D:1      | Reached skill level 3 in Spellcasting
   326 | D:1      | Reached XP level 2. HP: 19/19 MP: 4/6
  1025 | D:1      | Reached XP level 3. HP: 22/25 MP: 4/7
  1671 | D:2      | Reached skill level 1 in Fighting
  1819 | D:2      | Reached XP level 4. HP: 29/32 MP: 1/9
  2508 | D:3      | Reached skill level 4 in Spellcasting
  2688 | D:3      | Reached XP level 5. HP: 37/37 MP: 5/11
  3331 | D:3      | Found a faded altar of an unknown god.
  3390 | D:3      | You fall into a shaft and drop 3 floors!
  3423 | D:6      | HP: 1/38 [bullfrog (3)]
  3425 | D:6      | Slain by a bullfrog

Levels and vault maps discovered:
D:1:      onia_arrival_pyramid, layout_basic, minivault_5
D:2:      layout_rooms, first_ration, amethyst_killhole, minmay_split_cup_large
D:3:      minmay_wonky_spiral, layout_loops_corners,
          chequers_ecumenical_altar_lobes, minmay_crystal_room
D:6:      layout_basic

Skill      XL: |  1  2  3  4 |
---------------+-------------+-----
Conjurations   | 1 2 |  2.4
Spellcasting   | 3 4 |  4.4
Fighting       | 1 |  1.8
Fire Magic     | 3 |  3.5
Dodging        | |  1.5
Stealth        | |  1.5

Action                   |  1- 3 |  4- 6 || total
-------------------------+-------+-------++-------
Melee: Unarmed           |     9 |       ||     9
       Short sword       |    30 |     1 ||    31
       Dagger            |       |    15 ||    15
 Cast: Flame Tongue      |    77 |    74 ||   151
  Use: Scroll            |     2 |     1 ||     3
Armor: Robe              |    36 |    37 ||    73
Dodge: Dodged            |    60 |    73 ||   133

Table legend:
 A = Non-vault XP
 B = Vault XP
 C = Vault XP percentage of total XP
 D = Non-vault monster count
 E = Vault monster count
 F = Vault count percentage of total count
                 A         B        C        D         E       F
            +---------+---------+-------+---------+---------+-------
      Total |     292 |      19 |   6.1 |      74 |      10 |  11.9
            +---------+---------+-------+---------+---------+-------
        D:1 |      45 |       0 |   0.0 |      29 |       0 |   0.0
        D:2 |      61 |      10 |  14.1 |      22 |       5 |  18.5
        D:3 |     122 |       9 |   6.9 |      17 |       5 |  22.7
        D:6 |      64 |       0 |   0.0 |       6 |       0 |   0.0
            +---------+---------+-------+---------+---------+-------
